 Dungeon Crawl Stone Soup version 0.31-a0-339-gda1cbd555d (webtiles) character file.

Game seed: 9707275059064104264

125 MrRokkomies the Cudgeller (level 5, -1/40 (45) HPs)
             Began as a Meteoran Reaver on July 20, 2023.
             Slain by an orc
             ... wielding a +0 flail
              (7 damage)
             ... on level 3 of the Dungeon.
             The game lasted 00:04:18 (613 turns).

MrRokkomies the Cudgeller (Meteoran Reaver)          Turns: 613, Time: 00:04:19

HP:   -1/40 (45)    AC:  3    Str: 20    XL:     5   Next: 57%
MP:   11/11         EV: 12    Int: 16    God:
Gold: 66            SH:  0    Dex: 12    Spells: 5/11 levels left

rFire   . . .        a - +0 mace
rCold   . . .        (no shield)
rNeg    . . .        b - +0 leather armour
rPois   .            (no helmet)
rElec   .            (no cloak)
rCorr   .            (no gloves)
SInv    .            (no boots)
Will    .....        (no amulet)
Stlth   +            g - +6 ring of strength
HPRegen 0.26/turn    (no ring)
MPRegen 0.12/turn

%: no passive effects
@: glowing, heavily drained
A: sense surroundings 1, otherworldly, glowing, explore regen
a: no special abilities


You were on level 3 of the Dungeon.
You visited 1 branch of the dungeon, and saw 3 of its levels.

You collected 66 gold pieces.

Inventory:

Hand Weapons
 a - a +0 mace (weapon)
Missiles
 c - 2 javelins
Armour
 b - a +0 leather armour (worn)
Jewellery
 g - a +6 ring of strength (left hand)
Scrolls
 d - a scroll of poison {unknown}
 e - 2 scrolls of enchant weapon {unknown}
 h - a scroll of fog {unknown}
 i - 2 scrolls of amnesia {unknown}
 k - a scroll of enchant armour {unknown}
Potions
 f - a potion of curing {unknown}
 j - a potion of cancellation {unknown}
 l - a potion of heal wounds {unknown}


   Skills:
 * Level 3.6 Fighting
 * Level 5.4 Maces & Flails
 - Level 2.4 Dodging
 + Level 3.5 Spellcasting
 + Level 4.2 Conjurations


You had 5 spell levels left.
You knew the following spells:

 Your Spells              Type           Power      Damage    Failure   Level
a - Kiss of Death         Conj/Necr      36%        2d8       9%          1
b - Momentum Strike       Conj/Tloc      18%        3d8       13%         2
c - Hailstorm             Conj/Ice       9%         3d4       26%         3

Your spell library contained the following spells:

 Spells                   Type           Power      Damage    Failure   Level


Dungeon Overview and Level Annotations

Branches:
Dungeon (3/15) Zot: 1168

Altars:


Innate Abilities, Weirdness & Mutations

You passively map a small area around you.
You are easily found by Zot.
You glow in the dark.
You regain HP and MP as you explore.


Message History

The orc wizard gestures at you while chanting.
The puff of flame hits you!
The orc wizard hits you with a +1 dagger of freezing.
The orc wizard freezes you.
You thump the orc wizard!
The orc wizard is heavily wounded.
The orc wizard casts a spell at you. The magic dart hits you.
* * * LOW HITPOINT WARNING * * *
You hit the orc wizard but do no damage.
The orc wizard is heavily wounded.
The orc wizard gestures at you while chanting.
You resist with some effort.
Casting: Momentum Strike (safe; 14% risk of failure)
Confirm with . or Enter, or press ? or * to list all spells.
Aiming: Kiss of Death (safe; 9% risk of failure)
Press: ? - help, Shift-Dir - straight line, f - orc wizard
Aim: an orc wizard, wielding a +1 dagger of freezing and wearing a +0 robe (heavily wounded, 100% to hit)
The negative energy hits the orc wizard!
The orc wizard is drained!
You kill the orc wizard!
You feel drained.
You hit the orc.
The orc is almost dead.
The orc hits you but does no damage.
You hit the orc.
You kill the orc!
You sock the orc!
You kill the orc!
You barely miss the orc.
The orc is moderately wounded.
The orc barely misses you.
You closely miss the orc.
The orc is moderately wounded.
The orc hits you with a +0 flail.
* * * LOW HITPOINT WARNING * * *
You closely miss the orc.
The orc is moderately wounded.
The orc hits you with a +0 flail!
You die...

* , ..# . #.# , o.#
*#.# * , ,,..##.###
, ,.. , .....#
....####)#.#### ,
*#o..).......# *
#####o##.##.#
*,########@##.##.#
#........##....# *
#........####..#
#.#........####..#
*,
..#..............#
..........###...##
..........##.....##
..........#.......#
.........#...).....#


You could see an orc.

Vanquished Creatures
  An orc wizard (D:3)
  Terence (D:3)
  3 adders
  3 worms
  6 orcs (D:3)
  4 ball pythons
  5 endoplasms
  5 goblins
  A hobgoblin (D:2)
  3 frilled lizards
  3 kobolds
  A rat (D:2)
36 creatures vanquished.

Notes
Turn   | Place    | Note
-------+----------+-------------------------------------------
     0 | D:1      | MrRokkomies the Meteoran Reaver began the quest for the
                  | Orb.
     0 | D:1      | Reached XP level 1. HP: 17/17 MP: 5/5
    88 | D:1      | Reached XP level 2. HP: 25/25 MP: 6/6
   143 | D:1      | Learned a level 2 spell: Momentum Strike
   218 | D:2      | Reached XP level 3. HP: 26/30 MP: 8/8
   377 | D:2      | Reached XP level 4. HP: 36/38 MP: 9/9
   495 | D:3      | Noticed Terence
   499 | D:3      | Killed Terence
   500 | D:3      | Reached skill level 5 in Maces & Flails
   524 | D:3      | Reached XP level 5. HP: 26/45 MP: 9/11
   528 | D:3      | Learned a level 3 spell: Hailstorm
   613 | D:3      | Slain by an orc

Illustrated notes

Levels and vault maps discovered:
D:1:      saegor_arrival_simple_c, layout_loops_cross,
          dreamdust_ecumenical_altar_statues
D:2:      layout_basic
D:3:      layout_loops_cross, uniq_terence

Skill      XL: |  1  2  3  4 |
---------------+-------------+-----
Spellcasting   | 3 |  3.5
Fighting       | 3 |  3.6
Conjurations   | 4 |  4.2
Maces & Flails | 5 |  5.4
Dodging        | |  2.4

Action                     |  1- 3 |  4- 6 || total
---------------------------+-------+-------++-------
  Melee: Mace              |    52 |    63 ||   115
         Punch             |       |     1 ||     1
   Cast: Momentum Strike   |     1 |     2 ||     3
         Kiss of Death     |       |     1 ||     1
 Armour: Leather armour    |    16 |    14 ||    30
  Dodge: Dodged            |    22 |    32 ||    54

Table legend: (Time is in decaauts)
 A = Elapsed time spent in this place.
 B = Non-inter-level travel time spent in this place.
 C = Inter-level travel time spent in this place.
 D = Time resting spent in this place.
 E = Time spent auto-exploring this place.
 F = Levels seen in this place.
 G = Mean time per level.
                   A        B        C        D        E       F      G
               +--------+--------+--------+--------+--------+-----+--------+
         Total |    630 |    598 |     32 |      0 |    333 |   3 |  210.0 |
       Dungeon |    630 |    598 |     32 |      0 |    333 |   3 |  210.0 |
               +--------+--------+--------+--------+--------+-----+--------+

Top non-repeatable levels by time:
     D:2: 262 daAuts
     D:3: 197 daAuts
     D:1: 169 daAuts
